AoeStats
← Kaiser Ze

Arena

509348421Analyzed
3v3 RM · 5d ago on Sep 26, 2026· 37m 21s· 6 players
Game mode
Random Map
Map size
Normal (6 player)
Population
200
Speed
Normal
Resources
Standard
Victory
Conquest
Starting age
Dark Age
Ending age
Imperial Age
RankedLock teamsTeams togetherTeam positionsShared explorationLock speedFull tech treeHidden civsTurbo modeCheats
Victory
Defeat
🇨🇴 Slavs · Colombia
1434
+17
🇬🇧 Ethiopians · United Kingdom
1425
+17
🇨🇳 Spanish · China
1361
+19
🇨🇳 Franks · China
1478
-19
🇨🇳 Britons · China
1433
-17
🇨🇳 Bulgarians · China
1420
-17
Lugal
6:46 Loom
8:55 Feudal Age
9:09 Man-at-Arms
11:31 Double-Bit Axe
23:22 Castle Age
25:28 Bow Saw
27:53 Scale Mail Armor
27:58 Horse Collar
29:12 Chain Mail Armor
30:10 Forging
32:08 Iron Casting
35:15 Wheelbarrow
36:22 Fletching
36:29 Gold Mining
37:10 Fletching
37:39 Heavy Plow
38:15 Gold Shaft Mining
ivandario67
10:26 Feudal Age
14:19 Castle Age
12:28 Double-Bit Axe
13:04 Horse Collar
17:09 Heavy Plow
21:37 Wheelbarrow
22:34 Gold Mining
25:44 Gold Shaft Mining
25:00 Stone Mining
26:33 Husbandry
26:43 Bloodlines
27:13 Scale Barding Armor
27:19 Forging
28:18 Hand Cart
32:56 Imperial Age
31:55 Chain Barding Armor
32:11 Iron Casting
32:57 Loom
34:19 Plate Barding Armor
33:05 Cavalier
35:24 Blast Furnace
35:25 Capped Ram
36:05 Man-at-Arms
36:48 Squires
36:49 Scale Mail Armor
37:00 Light Cavalry
WCID
10:48 Feudal Age
14:28 Castle Age
12:39 Stone Mining
13:07 Double-Bit Axe
14:01 Gold Mining
13:52 Horse Collar
15:51 Bow Saw
17:24 Loom
24:22 Fletching
27:00 Town Watch
26:41 Pikeman
27:43 Bodkin Arrow
28:35 Bloodlines
30:06 Padded Archer Armor
37:41 Fortified Wall
37:42 Masonry
st9901544
11:29 Feudal Age
15:14 Forging
15:56 Fletching
19:14 Loom
24:29 Castle Age
22:20 Double-Bit Axe
22:46 Scale Mail Armor
23:55 Gold Mining
24:46 Stone Mining
25:00 Gambesons
25:54 Iron Casting
26:20 Squires
乌合之众
10:40 Feudal Age
14:21 Castle Age
14:45 Forging
15:10 Loom
20:36 Scale Barding Armor
22:32 Husbandry
33:21 Crossbowman
33:22 Elite Skirmisher
Kaiser Ze
9:53 Feudal Age
14:07 Castle Age
12:32 Double-Bit Axe
14:04 Horse Collar
17:13 Loom
23:07 Wheelbarrow
22:46 Bow Saw
24:25 Heavy Plow
24:23 Gold Mining
25:34 Stone Mining
26:26 Gold Shaft Mining
29:00 Imperial Age
26:53 Fletching
27:03 Padded Archer Armor
27:22 Elite Skirmisher
28:51 Hand Cart
30:22 Conscription
29:45 Elite Longbowman
31:12 Pikeman
31:53 Squires
32:47 Halberdier
34:07 Bodkin Arrow
34:27 Leather Archer Armor
35:57 Forging
35:47 Scale Mail Armor
35:48 Bracer
36:18 Ring Archer Armor
38:19 Iron Casting
37:59 Chain Mail Armor
Connection lost

Rejoining the realm…

Still unreachable

The connection could not be restored.

Session expired

The server has moved on; the page needs a fresh start.